 Dungeon Crawl Stone Soup version 0.29-a0-275-g389c0b56f3 (webtiles) character file.

Game seed: 14356460804028254397

1454 sammy202020 the Skirmisher (level 8, -1/68 HPs)
             Began as a Palentonga Fighter on Mar 13, 2022.
             Was a Believer of Trog.
             Slain by a killer bee (2 damage)
             ... on level 7 of the Dungeon.
             The game lasted 00:16:24 (6950 turns).

sammy202020 the Skirmisher (Palentonga Fighter)     Turns: 6950, Time: 00:16:24

Health: -1/68      AC: 25    Str: 19    XL:     8   Next: 47%
Magic:  8/8        EV:  5    Int: 11    God:    Trog [**....]
Gold:   284        SH:  4    Dex: 10    Spells: 7/7 levels left

rFire   . . .      SeeInvis +   E - +2 whip (elec)
rCold   + . .      Faith    .   c - +0 buckler
rNeg    + . .      Spirit   .   g - +4 chain mail {rC+}
rPois   +          Reflect  .   u - +0 helmet
rElec   .          Harm     .   j - +2 cloak {rPois}
rCorr   .          Rampage  .   p - +0 pair of gloves
Will    .....                   (no barding)
Stlth   ..........              (no amulet)
HPRegen 0.21/turn               n - ring of positive energy
MPRegen 0.11/turn               (no ring)

@: lethally poisoned (-1 -> -3), curled up
A: large, rugged brown scales 3, see invisible, deformed body, roll 1, armoured
tail, reflexive curl
a: Rolling Charge, Renounce Religion, Berserk, Trog's Hand


You were on level 7 of the Dungeon.
You worshipped Trog.
Trog was pleased with you.
You visited 2 branches of the dungeon, and saw 8 of its levels.
You also visited: Sewer.

You collected 284 gold pieces.

Inventory:

Hand Weapons
 a - a +1 flail
 E - a +2 whip of electrocution (weapon)
Armour
 b - a +0 scale mail
 c - a +0 buckler (worn)
 g - a +4 chain mail of cold resistance (worn)
 j - a +2 cloak of poison resistance (worn)
 p - a +0 pair of gloves (worn)
 u - a +0 helmet (worn)
Jewellery
 n - a ring of positive energy (left hand)
 A - a ring of resist corrosion
 B - a ring of ice
 D - a ring of poison resistance
Wands
 l - a wand of flame (18)
 m - a wand of iceblast (4)
 t - a wand of mindburst (24)
Scrolls
 f - a scroll of teleportation
 h - 2 scrolls of enchant weapon
 q - a scroll of fog {unknown}
 s - a scroll of blinking
 y - 2 scrolls of identify
 F - a scroll of noise {unknown}
Potions
 d - 4 potions of curing
 e - 2 potions of cancellation {unknown}
 i - a potion of attraction {unknown}
 k - 3 potions of heal wounds
 o - a potion of brilliance {unknown}
 r - 3 potions of flight
 v - 2 potions of degeneration {unknown}
 w - 3 potions of ambrosia
 x - a potion of berserk rage
 C - 2 potions of mutation {unknown}


   Skills:
 * Level 5.8 Fighting
 * Level 5.3 Maces & Flails
 * Level 4.7 Armour
 + Level 2.6 Dodging
 * Level 4.7 Shields


You had 7 spell levels left.
You didn't know any spells.
Your spell library contained the following spells:

 Spells                   Type           Power      Damage    Failure   Level
 Gell's Gravitas          Tloc           0%         N/A       100%        3
 Lesser Beckoning         Tloc           0%         N/A       100%        3
 Teleport Other           Tloc           0%         N/A       100%        3


Dungeon Overview and Level Annotations

Branches:
Dungeon (7/15)             Temple (1/1) D:5           Sewer (visited)

Altars:
Cheibriados
Dithmenos
Fedhas
Gozag
Kikubaaqudgha
Makhleb
Nemelex Xobeh
Okawaru
Qazlal
Ru
Sif Muna
Trog
Uskayaw
Vehumet
Wu Jian
Xom
Yredelemnul
Zin
The Shining One

Shops:
D:2 [


Innate Abilities, Weirdness & Mutations

You are completely covered in rugged brown scales. (AC +3, +7% HP)
You have supernaturally acute eyesight. (SInv)
Armour fits poorly on your strangely shaped body.
You can roll at nearby foes to attack.
You have a long armoured tail.
You curl defensively after being hit. (AC +7*)


Message History

You are poisoned.
The killer bee poisons you! The killer bee stings you.
You barely miss the killer bee.
The killer bee is heavily wounded.
You feel very sick.
The killer bee stings you but does no damage.
You block the killer bee's attack.
The killer bee stings you but does no damage.
The killer bee barely misses you.
You hit the killer bee.
Your tail-slap misses the killer bee.
The killer bee is almost dead.
You feel sick.
The killer bee stings you but does no damage. x2
You hit the killer bee.
The killer bee is lightly wounded.
You feel sick. The killer bee barely misses you. The killer bee stings you.
You block the killer bee's attack.
The killer bee stings you but does no damage.
You whack the killer bee!
The killer bee is severely wounded.
You feel sick. The killer bee stings you.
* * * LOW HITPOINT WARNING * * *
The killer bee barely misses you. x2; You block the killer bee's attack.
You miss the killer bee.
The killer bee is severely wounded.
You feel sick. The killer bee stings you!
* * * LOW HITPOINT WARNING * * *
You block the killer bee's attack. The killer bee barely misses you.
The killer bee stings you but does no damage.
You hit the killer bee.
Lightning courses through the killer bee!
You kill the killer bee!
Trog accepts your kill.
You feel sick. The killer bee stings you.
* * * LOW HITPOINT WARNING * * *
You miss the killer bee.
You feel sick. The killer bee stings you.
* * * LOW HITPOINT WARNING * * *
The killer bee stings you but does no damage.
The killer bee stings you.
You die...

...............)
#.#...........#
##.......[.....#
...............#
.#....<.......#
.##.....##.####
#........# #
#..#####y##.####
#. #@y...... #
#........
#.##..... #.#
##### ..# ###


You could see 2 killer bees.

Vanquished Creatures
  Sigmund (D:4)
  Menkaure (D:4)
  Edmund (D:5)
  A black bear (D:4)
  A phantom (D:5)
  3 kobold brigands
  A necrophage (D:6)
  A scorpion (D:4)
  A killer bee (D:7)
  Crazy Yiuf (D:4)
  3 hounds (D:5)
  An iron imp (D:6)
  3 iguanas
  Ijyb (D:4)
  Natasha (twice) (D:2)
  2 orc wizards (D:5)
  Terence (D:2)
  Robin (D:4)
  4 adders
  A worm (D:2)
  3 dart slugs
  10 orcs
  5 ball pythons
  2 bats (D:2)
  4 endoplasms
  4 giant cockroaches
  12 goblins
  13 hobgoblins
  9 jackals
  2 quokkas
  A frilled lizard (D:1)
  24 kobolds
  8 rats
128 creatures vanquished.

Vanquished Creatures (others)
  39 plants (D:6)
39 creatures vanquished.

Grand Total: 167 creatures vanquished

Notes
Turn   | Place    | Note
-------+----------+-------------------------------------------
     0 | D:1      | sammy202020 the Palentonga Fighter began the quest for the
                  | Orb.
     0 | D:1      | Reached XP level 1. HP: 19/19 MP: 1/1
    60 | D:1      | You fall into a shaft and drop 1 floor!
    79 | D:2      | Noticed Terence
    89 | D:2      | Killed Terence
    90 | D:2      | Reached XP level 2. HP: 25/25 MP: 2/2
   176 | D:2      | Reached XP level 3. HP: 30/31 MP: 3/3
   280 | D:2      | Noticed Natasha
   291 | D:2      | Killed Natasha
   719 | D:2      | Reached XP level 4. HP: 35/37 MP: 4/4
   767 | D:2      | Found Ekhogyec's Antique Armour Boutique.
  1026 | D:2      | Noticed Natasha
  1036 | D:2      | Killed Natasha
  1497 | D:3      | Found a faded altar of an unknown god.
  1521 | D:3      | Found an ancient bone altar of Kikubaaqudgha.
  1808 | D:3      | Found an opulent altar of Gozag.
  2017 | D:3      | Identified a scroll of acquirement
  2017 | D:3      | Acquired a +2 cloak of poison resistance
  2177 | D:4      | Noticed Menkaure
  2191 | D:4      | Reached skill level 1 in Dodging
  2195 | D:4      | Killed Menkaure
  2196 | D:4      | Reached XP level 5. HP: 31/44 MP: 5/5
  2387 | D:4      | Found a runed translucent door.
  2388 | D:4      | Noticed Crazy Yiuf
  2490 | D:4      | Killed Crazy Yiuf
  2491 | D:4      | Reached XP level 6. HP: 51/51 MP: 6/6
  2655 | D:4      | Found a sparkling altar of Nemelex Xobeh.
  2812 | D:4      | Noticed Ijyb
  2824 | D:4      | Killed Ijyb
  3571 | D:4      | Noticed Robin
  3605 | D:4      | Killed Robin
  3692 | D:4      | Gained mutation: You curl defensively after being hit. (AC
                  | +7*) [Palentonga growth]
  3692 | D:4      | Reached XP level 7. HP: 26/58 MP: 7/7
  3869 | D:4      | Noticed Sigmund
  3875 | D:4      | Killed Sigmund
  4195 | D:5      | Entered Level 5 of the Dungeon
  4195 | D:5      | Noticed Edmund
  4212 | D:5      | Reached skill level 5 in Fighting
  4220 | D:5      | Killed Edmund
  4306 | D:5      | Found a staircase to the Ecumenical Temple.
  4324 | Temple   | Entered the Ecumenical Temple
  4654 | Temple   | Became a worshipper of Trog the Wrathful
  4700 | D:5      | Found a sacrificial altar of Ru.
  5005 | D:5      | Reached * piety under Trog
  5122 | D:5      | Reached XP level 8. HP: 66/66 MP: 8/8
  5763 | D:6      | Found a snail-covered altar of Cheibriados.
  5838 | D:6      | Found a glowing drain.
  5851 | Sewer    | Entered a sewer
  5943 | Sewer    | Reached skill level 5 in Maces & Flails
  6010 | Sewer    | Found a white marble altar of Elyvilon.
  6316 | D:6      | Reached ** piety under Trog
  6950 | D:7      | HP: 1/68 [killer bee (5)]
  6950 | D:7      | Slain by a killer bee

Illustrated notes

Levels and vault maps discovered:
D:1:      dpeg_arrival_simpleton_a, layout_basic
D:2:      layout_loops_cross, serial_shops, shop, minmay_puff, uniq_natasha,
          uniq_terence
D:3:      layout_basic, nicolae_overflow_crystal_walls, amcnicky_altar_gilded,
          ebering_ecumenical_altar_webs
D:4:      layout_loops_corners, nemelex_xobeh_ov_fountains_minmay, uniq_robin,
          uniq_sigmund, uniq_crazy_yiuf_cottage, uniq_menkaure, uniq_ijyb
D:5:      layout_layer_cave, mainiacjoe_overflow_small_starburst,
          minmay_temple_entry_butterflies, uniq_edmund
D:6:      kennysheep_kobold_camp, layout_basic, chei_slow_surprise,
          portal_sewer_entry_b
D:7:      layout_loops_ring, uniq_duvessa
Temple:   dpeg_chambers_temple

Skill      XL: |  1  2  3  4  5  6  7  8 |
---------------+-------------------------+-----
Shields        | 3 4 |  4.7
Armour         | 3 4 |  4.7
Maces & Flails | 3 4 5 |  5.3
Dodging        | 1 2 |  2.6
Fighting       | 4 5 |  5.8

Action                   |  1- 3 |  4- 6 |  7- 9 || total
-------------------------+-------+-------+-------++-------
Melee: Flail             |    53 |   149 |   191 ||   393
       Tailslap          |     3 |    15 |    23 ||    41
       Whip              |       |       |    48 ||    48
 Abil: Rolling Charge    |     3 |     1 |     2 ||     6
  Use: Potion            |     1 |       |       ||     1
       Scroll            |       |     9 |       ||     9
Armor: Scale mail        |     5 |       |       ||     5
       Chain mail        |    32 |   125 |   216 ||   373
Dodge: Dodged            |    19 |    43 |    74 ||   136
Block: Buckler           |     9 |    31 |    63 ||   103

Table legend: (Time is in decaauts)
 A = Elapsed time spent in this place.
 B = Non-inter-level travel time spent in this place.
 C = Inter-level travel time spent in this place.
 D = Time resting spent in this place.
 E = Time spent auto-exploring this place.
 F = Levels seen in this place.
 G = Mean time per level.
                   A        B        C        D        E       F      G
               +--------+--------+--------+--------+--------+-----+--------+
         Total |   7089 |   6875 |    214 |    882 |   4487 |   9 |  787.7 |
       Dungeon |   6495 |   6281 |    214 |    882 |   4114 |   7 |  927.9 |
        Temple |    346 |    346 |      0 |      0 |    229 |   1 |  346.0 |
         Sewer |    247 |    247 |      0 |      0 |    144 |   1 |  247.0 |
               +--------+--------+--------+--------+--------+-----+--------+

Top non-repeatable levels by time:
     D:4: 2066 daAuts
     D:2: 1375 daAuts
     D:6: 1169 daAuts
     D:5: 1031 daAuts
     D:3: 768 daAuts
  Temple: 346 daAuts
   Sewer: 247 daAuts
     D:1: 62 daAuts
     D:7: 20 daAuts
